 Dungeon Crawl Stone Soup version 0.28-a0-29-g0adfcbbeba (webtiles) character file.

Game seed: 14711068178691397618

2 Jawa73 the Conjurer (level 1, 0/10 HPs)
             Began as a Kobold Conjurer on July 27, 2021.
             Slain by a jackal (2 damage)
             ... on level 1 of the Dungeon.
             The game lasted 00:02:35 (185 turns).

Jawa73 the Conjurer (Kobold Conjurer)                Turns: 185, Time: 00:02:36

Health: 0/10       AC:  2    Str:  4    XL:     1   Next: 44%
Magic:  0/3        EV: 14    Int: 19    God:
Gold:   0          SH:  0    Dex: 13    Spells: 3/4 levels left

rFire   . . .      SeeInvis .   (weapon restricted)
rCold   . . .      Faith    .   (shield restricted)
rNeg    . . .      Spirit   .   a - +0 robe
rPois   .          Reflect  .   (no helmet)
rElec   .          Harm     .   (no cloak)
rCorr   .          Rampage  .   (no gloves)
Will    .....                   (no boots)
Stlth   +++.......              (no amulet)
HPRegen 0.03/turn               (no ring)
MPRegen 0.08/turn               (no ring)

@: no status effects
A: small, no large weapons, nightstalker 3
a: no special abilities


You were on level 1 of the Dungeon.
You visited 1 branch of the dungeon, and saw 1 of its levels.

Inventory:

Missiles
 c - 9 stones (quivered)
Armour
 a - a +0 robe (worn)
Scrolls
 b - a scroll of acquirement {unknown}


   Skills:
 * Level 2.4 Dodging
 + Level 2.8 Stealth
 * Level 2.2 Spellcasting
 * Level 4.1 Conjurations


You had 3 spell levels left.
You knew the following spells:

 Your Spells              Type           Power      Damage    Failure   Level
a - Magic Dart            Conj           68%        1d6       3%          1

Your spell library contained the following spells:

 Spells                   Type           Power      Damage    Failure   Level
 Searing Ray              Conj           34%        3d4       4%          2
 Dazzling Flash           Conj/Hex       18%        N/A       22%         3
 Fulminant Prism          Conj/Hex       4%         3d6       56%         4
 Iskenderun's Mystic Bla  Conj/Tloc      9%         2d4       56%         4


Dungeon Overview and Level Annotations

Branches:
Dungeon (1/15)

Altars:


Innate Abilities, Weirdness & Mutations

You are small and have problems with some larger weapons.
You are completely attuned to the shadows.


Message History

You throw a stone.
The stone hits the jackal but does no damage.
The jackal is heavily wounded.
The jackal bites you but does no damage.
Throw: 12 stones
Press: ? - help, Q - select action, (/) - cycle Shift-Dir - straight line, f/p - jackal
Aim: a jackal (heavily wounded, 47% to hit)
You throw a stone.
The stone hits the jackal but does no damage.
The jackal is heavily wounded.
The jackal bites you. The jackal closely misses you.
Throw: 11 stones
Press: ? - help, Q - select action, (/) - cycle Shift-Dir - straight line, f/p - jackal
Aim: a jackal (heavily wounded, 47% to hit)
You throw a stone. The stone hits the jackal.
The jackal is severely wounded.
The jackal closely misses you. The jackal bites you.
Throw: 10 stones
Press: ? - help, Q - select action, (/) - cycle Shift-Dir - straight line, f/p - jackal
Aim: a jackal (severely wounded, 47% to hit)
Okay, then.
Casting: Magic Dart (safe; 3% risk of failure)
Confirm with . or Enter, or press ? or * to list all spells.
Aiming: Magic Dart (safe; 3% risk of failure)
Press: ? - help, Shift-Dir - straight line, f/p - jackal
Aim: a jackal (severely wounded, 100% to hit)
The magic dart hits the jackal.
The jackal is almost dead.
The jackal misses you.
Throw: 10 stones
Press: ? - help, Q - select action, (/) - cycle Shift-Dir - straight line, f/p - jackal
Aim: a jackal (almost dead, 47% to hit)
You throw a stone. The stone completely misses the jackal.
The jackal bites you.
* * * LOW HITPOINT WARNING * * *
The jackal barely misses you.
You hit the jackal but do no damage.
The jackal is almost dead.
The jackal bites you.
You die...

......... #.........
#......... .. .#
#.......... (.) ##.#
#.......... (..##..#
###.#..##.#
.......####...##....###
.....#..##..##........#
...#(.h@.#.###........#
#.
#.#.#...###........## .
...#..................
...####.#.###..........
... #.#.##..........#
........[.......#
.....##.#.......#
.....######... ......
#....


You could see a jackal.

Vanquished Creatures
  A bat (D:1)
  2 rats (D:1)
3 creatures vanquished.

Notes
Turn   | Place    | Note
-------+----------+-------------------------------------------
     0 | D:1      | Jawa73 the Kobold Conjurer began the quest for the Orb.
     0 | D:1      | Reached XP level 1. HP: 10/10 MP: 3/3
   185 | D:1      | Slain by a jackal

Illustrated notes

Levels and vault maps discovered:
D:1:      dpeg_arrival_tiny_k, layout_rooms, minmay_heptomino_o4

Action                   || total
-------------------------++-------
Melee: Unarmed           ||     1
Throw: Stone             ||     9
 Cast: Magic Dart        ||     9
Armor: Robe              ||     7
Dodge: Dodged            ||    13

Table legend: (Time is in decaauts)
 A = Elapsed time spent in this place.
 B = Non-inter-level travel time spent in this place.
 C = Inter-level travel time spent in this place.
 D = Time resting spent in this place.
 E = Time spent auto-exploring this place.
 F = Levels seen in this place.
 G = Mean time per level.
                   A        B        C        D        E       F      G
               +--------+--------+--------+--------+--------+-----+--------+
         Total |    185 |    185 |      0 |     47 |     54 |   1 |  185.0 |
       Dungeon |    185 |    185 |      0 |     47 |     54 |   1 |  185.0 |
               +--------+--------+--------+--------+--------+-----+--------+

Top non-repeatable levels by time:
     D:1: 185 daAuts
